 Dungeon Crawl Stone Soup version 0.14-a0-1192-g192f278 (webtiles) character file.

111 PolkaDot the Vexing (level 3, -1/19 (24) HPs)
             Began as a Vampire Enchanter on Nov 30, 2013.
             Slain by a small abomination (13 damage)
             ... on Level 1 of the Abyss.
             The game lasted 00:09:55 (2043 turns).

PolkaDot the Vexing (Vampire Enchanter)             Turns: 2043, Time: 00:09:55

HP  -1/19 (24)   AC  3     Str  6 (7)  XL: 3   Next: 60%
MP   6/6         EV 12     Int 16 (18) God:
Gold 59          SH  0     Dex 13 (14) Spells:  2 memorised,  0 levels left

rFire  . . .     SeeInvis +     a - +1 dagger
rCold  . . .     Clarity  .     b - +1 robe
rNeg   . . .     Conserve .     (no shield)
rPois  .         rCorr    .     (no helmet)
rElec  .         rRot     .     (no cloak)
SustAb . .       Spirit   .     (no gloves)
rMut   .         Warding  .     (no boots)
Saprov . . .     Stasis   .     (no amulet)
                                (no ring)
                                (no ring)

@: regenerating quickly, slightly resistant to hostile enchantments, stealthy
A: fangs 3, see invisible, unbreathing
a: no special abilities


You were on level 1 of the Abyss.
You were full.

You visited 1 branch of the dungeon, and saw 2 of its levels.
You visited the Abyss 1 time.

You collected 59 gold pieces.

Inventory:

Hand weapons
 a - a +1,+1 dagger (weapon)
Missiles
 d - 11 darts (quivered)
Armour
 b - a +1 robe (worn)
Scrolls
 f - 2 scrolls of remove curse {unknown}
 g - a scroll of vulnerability {unknown}
 h - a scroll of enchant weapon II {unknown}
 i - 4 scrolls of identify {unknown}
 k - a scroll of random uselessness {unknown}
 l - a scroll of noise {unknown}
Potions
 e - a potion of curing
Books
 c - a book of Maledictions

   Spells                             Type                      Level
   *Corona                            Hexes                        1
   Sure Blade                         Hexes/Charms                 2
   Ensorcelled Hibernation            Hexes/Ice                    2
   *Confuse                           Hexes                        3
   Enslavement                        Hexes                        4
   Invisibility                       Hexes                        6
 j - a book of Beasts

   Spells                             Type                      Level
   Summon Butterflies                 Summoning                    1
   Sticks to Snakes                   Transmutation                2
   Call Canine Familiar               Summoning                    3
   Ice Form                           Ice/Transmutation            4
   Summon Ice Beast                   Ice/Summoning                4
   Summon Hydra                       Summoning                    7


   Skills:
 * Level 3.1 Short Blades
 - Level 0.7 Throwing
 - Level 2.1 Dodging
 - Level 3.0 Stealth
 - Level 1.0 Spellcasting
 + Level 5.3 Hexes


You couldn't memorise any spells.
You knew the following spells:

 Your Spells              Type           Power        Failure   Level  Hunger
a - Corona                Hex            ###....      2%          1    ##.....
c - Confuse               Hex            ###.....     10%         3    ####...


Dungeon Overview and Level Annotations

Branches:
Dungeon (2/16)

Altars:
Cheibriados
Vehumet


Innate Abilities, Weirdness & Mutations

Your natural rate of healing is unusually fast.
You have razor-sharp teeth.*
You have supernaturally acute eyesight.
You can survive without breathing.*


Message History

An eye of draining comes into view.
The eye of draining moves out of view.
The lemure hits you. The lemure closely misses you.
You see here a scroll labeled VOBAMUILIT.
l - a scroll labeled VOBAMUILIT The lemure barely misses you.
The lemure hits you but does no damage. The lemure closely misses you.
The lemure hits you but does no damage.
A small abomination comes into view.
A lurking horror comes into view.
The lemure hits you. The lemure closely misses you. The lemure misses you.
A raiju comes into view.
The raiju moves out of view.
A shadow wraith comes into view.
The shadow wraith gives a chilling moan.
The small abomination barely misses you.
The small abomination hits you!
Ouch! That really hurt!
You die...

#.# #.## . ... #
##.#..#.###.. ..
. ..
##.....#...###.##
##
..#...#.#.##... #
## # ...#...#.#
3. #.## #
#.#.##..##. # ...
# #..##.#...#.
.### #.x5####...#
#...##@# ..#..
#.#...#.W# #.
....##. .#..##.
##.# h. .# ..#.
.. .#. ## ## .##.
.# #. .. .


You could see a shadow wraith (invisible), a small abomination, a raiju and a
lemure.

Vanquished Creatures
  3 adders (D:2)
  An ooze (D:2)
  An orc (D:2)
  2 bats
  5 goblins
  5 hobgoblins
  A ball python (D:2)
  A giant newt (D:2)
  5 rats
24 creatures vanquished.

Notes
Turn   | Place    | Note
--------------------------------------------------------------
     0 | D:1      | PolkaDot, the Vampire Enchanter, began the quest for the Orb.
     0 | D:1      | Reached XP level 1. HP: 13/13 MP: 4/4
   228 | D:1      | Reached XP level 2. HP: 8/19 MP: 5/5
   668 | D:2      | Found a radiant altar of Vehumet.
  1023 | D:2      | Reached skill level 5 in Hexes
  1067 | D:2      | Reached XP level 3. HP: 24/24 MP: 6/6
  1107 | D:2      | Found a snail-covered altar of Cheibriados.
  1429 | D:2      | Learned a level 3 spell: Confuse
  1828 | D:2      | Cast into the Abyss (orc)
  1909 | Abyss:1  | Noticed a shining eye
  1915 | Abyss:1  | Noticed a raiju
  1963 | Abyss:1  | Noticed a raiju
  1963 | Abyss:1  | Found a sparkling altar of Nemelex Xobeh.
  1984 | Abyss:1  | Noticed a soldier ant
  1984 | Abyss:1  | a shapeshifter changed into a soldier ant
  1998 | Abyss:1  | Noticed a thrashing horror
  2006 | Abyss:1  | Noticed a ynoxinul
  2023 | Abyss:1  | Noticed a jumping spider
  2039 | Abyss:1  | Noticed a small abomination
  2042 | Abyss:1  | Noticed a raiju
  2043 | Abyss:1  | Noticed a shadow wraith
  2043 | Abyss:1  | Slain by a small abomination

Action                   || total
-------------------------++-------
Melee: Dagger            ||   128
Throw: Dart              ||     3
  Use: Potion            ||     6
 Stab: Sleeping          ||     3
